 Dungeon Crawl Stone Soup version 0.30-a0-1070-gd49b78fada (webtiles) character file.

Game seed: 13396825222111894652

31957 DryNick the Unseen (level 13, -5/72 HPs)
             Began as a Spriggan Hunter on Apr 13, 2023.
             Was a High Priest of Dithmenos.
             Hit by a silver javelin thrown by a minotaur (13 damage)
             ... on level 10 of the Dungeon.
             The game lasted 00:55:38 (19108 turns).

DryNick the Unseen (Spriggan Hunter)               Turns: 19108, Time: 00:55:39

Health: -5/72      AC:  6    Str:  7    XL:     13   Next: 28%
Magic:  22/22      EV: 26    Int: 11    God:    Dithmenos [*****.]
Gold:   1577       SH:  0    Dex: 23    Spells: 23/23 levels left

rFire   . . .      SeeInvis +    V - +0 arbalest
rCold   + . .      Faith    .    (shield currently unavailable)
rNeg    . . .      Spirit   .    K - +0 acid dragon scales
rPois   .          Reflect  .    (helmet restricted)
rElec   .          Rampage  .    (no cloak)
rCorr   +                        (gloves unavailable)
Will    ++...                    (boots unavailable) Stlth **++++++++
                                 P - amulet of regeneration
HPRegen 1.12/turn                Q - ring of protection from cold
MPRegen 0.18/turn                E - ring of flight

@: flying, wreathed by umbra, studying Fighting, very quick
A: very small, no large weapons, unfitting armour, see invisible, speed 3
a: Renounce Religion, Shadow Step, Shadow Form


You were on level 10 of the Dungeon.
You worshipped Dithmenos.
Dithmenos was extremely pleased with you.
You visited 3 branches of the dungeon, and saw 15 of its levels.
You also visited: Bailey.

You collected 1654 gold pieces.
You spent 77 gold pieces at shops.

Inventory:

Hand Weapons
 a - a +0 shortbow
 r - a +0 dagger
 y - the +7 lajatang of Order {silver, rMut}
   (You acquired it on level 8 of the Dungeon)

   rMut:      It protects you from mutation.
 F - a +5 trident
 G - a +1 dagger
 V - a +0 arbalest (weapon)
 W - a +2 vampiric dagger
Missiles
 I - 2 throwing nets
 T - 4 poisoned darts
Armour
 c - a +0 robe
 q - a +0 buckler
 H - +0 steam dragon scales
 K - +0 acid dragon scales (worn)
 U - a +0 robe of the Archmagi
Jewellery
 i - a ring of fire
 j - a ring of willpower
 A - a ring of magical power
 E - a ring of flight (right hand)
 P - an amulet of regeneration (around neck)
 Q - a ring of protection from cold (left hand)
 R - a ring of resist corrosion
Wands
 s - a wand of flame (12)
 v - a wand of charming (4)
 x - a wand of iceblast (33)
 N - a wand of quicksilver (4)
Scrolls
 b - 3 scrolls of immolation
 e - 9 scrolls of teleportation
 h - 2 scrolls of poison
 n - a scroll of blinking
 o - a scroll of magic mapping
 u - a scroll of enchant armour
 w - 5 scrolls of enchant weapon
 B - 2 scrolls of fear
 D - 2 scrolls of summoning
 L - 2 scrolls of torment
 O - a scroll of silence
Potions
 d - 3 potions of might {unknown}
 f - 3 potions of brilliance {unknown}
 g - a potion of berserk rage {unknown}
 k - a potion of resistance {unknown}
 l - 2 potions of degeneration {unknown}
 m - 2 potions of haste
 p - 4 potions of cancellation {unknown}
 t - 5 potions of attraction {unknown}
 z - a potion of ambrosia
 C - 2 potions of curing {unknown}
 S - a potion of flight {unknown}
 X - a potion of heal wounds


   Skills:
 + Level 10.2 Fighting
 * Level 14.0 Ranged Weapons
 + Level 12.6 Dodging
 + Level 17.0 Stealth
 * Level 5.8 Spellcasting
 * Level 0.0 Necromancy
 * Level 0.0 Earth Magic


You had 23 spell levels left.
You didn't know any spells.
Your spell library contained the following spells:

 Spells                   Type           Power      Damage    Failure   Level
 Freeze                   Ice            12%        1d3       36%         1
 Kiss of Death            Conj/Necr      12%        2d6       36%         1
 Sting                    Tmut/Pois      12%        1d3       36%         1
 Poisonous Vapours        Pois/Air       6%         N/A       50%         2
 Confusing Touch          Hex            3%         N/A       75%         3
 Frozen Ramparts          Ice            6%         1d1       75%         3
 Hailstorm                Conj/Ice       3%         3d3       75%         3
 Anguish                  Hex/Necr       1%         N/A       98%         4
 Cause Fear               Hex            1%         N/A       98%         4
 Dispel Undead            Necr           3%         3d7       98%         4
 Ice Form                 Ice/Tmut       3%         N/A       98%         4
 Olgreb's Toxic Radiance  Pois           3%         N/A       98%         4
 Simulacrum               Ice/Necr       1%         N/A       100%        6
 Enfeeble                 Hex            1%         N/A       100%        7


Dungeon Overview and Level Annotations

Branches:
Dungeon (12/15)            Temple (1/1) D:4            Lair (0/5) D:8
    Orc (2/2) D:10            Elf (0/3) Orc:2        Bailey (visited)

Altars:
Ashenzari
Cheibriados
Dithmenos
Elyvilon
Fedhas
Gozag
Hepliaklqana
Kikubaaqudgha
Makhleb
Nemelex Xobeh
Okawaru
Qazlal
Ru
Sif Muna
Trog
Uskayaw
Vehumet
Wu Jian
Xom
Yredelemnul
Zin
The Shining One

Shops:
D:3 (   D:11 [   Orc:2 =[:*

Annotations:
D:3 1 runed translucent door, Crazy Yiuf
D:5 2 transporters, Pascal76's ghost, novice MiBe
D:7 2 transporters, anet's ghost, novice HOCj
D:11 Ic0nGaming's ghost, journeyman KoFi


Innate Abilities, Weirdness & Mutations

You are very small and have problems with some larger weapons.
You are too small for most types of armour.
You have supernaturally acute eyesight. (SInv)
You cover ground extremely quickly. (Speed+++)


Message History

Your shadow shoots a bolt.
The bolt hits the minotaur!
You shoot a bolt. The bolt hits the minotaur!!
The minotaur is severely wounded.
You shoot a bolt. The bolt hits the minotaur.
The minotaur is severely wounded.
Your shadow shoots a bolt.
The bolt hits the minotaur but does no damage.
You shoot a bolt. The bolt barely misses the minotaur.
Your shadow shoots a bolt.
The bolt barely misses the minotaur.
You shoot a bolt. The bolt barely misses the minotaur.
Your shadow shoots a bolt.
The bolt hits the minotaur but does no damage.
The minotaur misses you. The minotaur gores you.
The minotaur throws a silver javelin.
The silver javelin misses you.
The minotaur throws a silver javelin.
The silver javelin misses you.
You shoot a bolt.
The bolt hits the minotaur but does no damage.
The minotaur is severely wounded.
You shoot a bolt.
The bolt hits the minotaur but does no damage.
The minotaur is severely wounded.
You shoot a bolt.
The bolt hits the minotaur but does no damage.
The minotaur is severely wounded.
You shoot a bolt. The bolt hits the minotaur!
The minotaur is almost dead.
You shoot a bolt.
The bolt hits the minotaur but does no damage.
The minotaur is almost dead.
The minotaur throws a silver javelin.
The silver javelin closely misses you.
You shoot a bolt. The bolt hits the minotaur.
The minotaur is almost dead.
The minotaur hits you!!
You emit a cloud of dark smoke.
The minotaur completely misses you.
The minotaur throws a silver javelin.
The silver javelin pierces through you!!!
Ouch! That really hurt!
* * * LOW HITPOINT WARNING * * *
You emit a cloud of dark smoke.
You die...

........#..### ##..........#
........##...## #...........##
........####..### #............#
........######..####...........#
...........#####..##...........##
................#...#§§§.........
..#.............#...H§§§.........
.#####..........#§..##§§......###
.## #..........@...####......#
..# ##........§#§..# ###.#..#
..## ##<...(..###..# #..### ...#
#......## #..# ##..#### ...##
##....## #..# #....... ....#
##.### #..# ##..###.. ....# ###
#..# #..## ### ....## #.)# ##..#
.....# #..# #..##


You could see a minotaur.

Vanquished Creatures
  3 two-headed ogres
  Nergalle (D:11)
  A skeletal warrior (D:11)
  7 orc knights (Orc:2)
  2 orc sorcerers
  2 cyclopes
  An elephant (D:8)
  3 ice devils (D:9)
  2 unseen horror zombies (D:9)
  A kobold demonologist (D:8)
  Prince Ribbit (D:7)
  A hornet (D:9)
  Sigmund (D:2)
  2 wraiths
  4 wyverns
  11 yaks
  2 steam dragons (D:7)
  4 vampire mosquitoes (D:11)
  4 wargs
  3 acid dragons
  2 water moccasins
  3 ice beasts
  46 orc warriors
  4 ogres
  2 black bears (D:8)
  13 centaurs
  A phantom (D:4)
  2 kobold brigands
  2 gnoll sergeants
  3 bullfrogs (D:8)
  2 scorpions
  5 wights (D:7)
  18 killer bees
  A howler monkey (D:7)
  5 centaur zombies (D:9)
  A lava snake (D:7)
  A jelly (D:6)
  3 hounds
  9 orc priests
  4 sleepcaps
  Jessica (D:3)
  4 iguanas
  18 orc wizards
  A killer bee zombie (D:9)
  A howler monkey zombie (D:9)
  14 gnolls
  5 adders
  A shadow imp (D:5)
  A white imp (D:7)
  An ufetubus (D:4)
  4 worms
  5 dart slugs
  115 orcs
  3 bats
  6 endoplasms
  5 giant cockroaches
  6 goblins
  7 hobgoblins
  8 jackals
  8 kobolds
  2 quokkas
  5 ball pythons
  6 frilled lizards
  3 rats
413 creatures vanquished.

Vanquished Creatures (others)
  An orc wizard (D:10)
1 creature vanquished.

Grand Total: 414 creatures vanquished

Notes
Turn   | Place    | Note
-------+----------+-------------------------------------------
     0 | D:1      | DryNick the Spriggan Hunter began the quest for the Orb.
     0 | D:1      | Reached XP level 1. HP: 10/10 MP: 2/2
   182 | D:1      | Reached skill level 2 in Stealth
   182 | D:1      | Reached XP level 2. HP: 15/15 MP: 3/3
   508 | D:2      | Reached XP level 3. HP: 18/18 MP: 4/4
   666 | D:2      | Noticed Sigmund
   701 | D:2      | Killed Sigmund
   702 | D:2      | Reached skill level 5 in Ranged Weapons
   702 | D:2      | Reached skill level 4 in Stealth
   702 | D:2      | Reached XP level 4. HP: 17/23 MP: 5/5
   702 | D:2      | Reached XP level 5. HP: 20/27 MP: 6/6
  1357 | D:3      | Found a large runed translucent door.
  1360 | D:3      | Found a large runed translucent door.
  1392 | D:3      | Reached XP level 6. HP: 32/32 MP: 7/7
  1432 | D:3      | Found a runed translucent door.
  1433 | D:3      | Noticed Crazy Yiuf
  1501 | D:3      | Noticed Jessica
  1503 | D:3      | Killed Jessica
  1610 | D:3      | Found Jeunicv Baog's Weapon Boutique.
  2118 | D:3      | Found a hazy altar of Hepliaklqana.
  2125 | D:3      | Found a blossoming altar of Fedhas.
  2329 | D:4      | Found a staircase to the Ecumenical Temple.
  2880 | D:4      | Reached skill level 5 in Dodging
  2880 | D:4      | Reached skill level 5 in Stealth
  3166 | D:4      | Reached XP level 7. HP: 36/36 MP: 8/8
  3411 | D:5      | Entered Level 5 of the Dungeon
  3461 | Temple   | Entered the Ecumenical Temple
  3552 | Temple   | Became a worshipper of Dithmenos the Shadowed
  3901 | D:5      | Reached skill level 6 in Stealth
  3933 | D:5      | Found an ornate altar of the Wu Jian Council.
  4102 | D:5      | Reached XP level 8. HP: 42/42 MP: 9/9
  4119 | D:5      | Found a transporter.
  4124 | D:5      | Found a transporter.
  4127 | D:5      | Noticed Pascal76's ghost (novice MiBe)
  4349 | D:5      | Reached skill level 7 in Stealth
  4353 | D:5      | Reached * piety under Dithmenos
  4500 | D:5      | Found a white marble altar of Elyvilon.
  4893 | D:6      | Found an ornate altar of the Wu Jian Council.
  5329 | D:6      | Noticed a two-headed ogre
  5385 | D:6      | Killed a two-headed ogre
  5386 | D:6      | Reached skill level 8 in Stealth
  5386 | D:6      | Reached XP level 9. HP: 46/46 MP: 10/10
  5875 | D:7      | Reached skill level 9 in Stealth
  5882 | D:7      | Reached ** piety under Dithmenos
  5899 | D:7      | Found a flagged portal.
  5922 | Bailey   | Entered a bailey
  5928 | Bailey   | Reached skill level 5 in Fighting
  6866 | Bailey   | Reached skill level 10 in Stealth
  7261 | Bailey   | Reached skill level 10 in Ranged Weapons
  7370 | Bailey   | Reached XP level 10. HP: 52/52 MP: 11/11
  8362 | D:7      | Noticed anet's ghost (novice HOCj)
  8363 | D:7      | Reached *** piety under Dithmenos
  8394 | D:7      | Reached skill level 1 in Spellcasting
  8452 | D:7      | Found a transporter.
  8457 | D:7      | Found a transporter.
  8521 | D:7      | Noticed Prince Ribbit
  8534 | D:7      | Killed Prince Ribbit
  9452 | D:8      | Reached skill level 11 in Stealth
  9489 | D:8      | Found a staircase to the Lair.
  9491 | D:8      | Noticed an elephant
  9763 | D:8      | Noticed a smoke demon
  9923 | D:8      | Reached skill level 10 in Dodging
 10145 | D:8      | Found a sparkling altar of Nemelex Xobeh.
 10273 | D:8      | Found a glowing silver altar of Zin.
 10376 | D:8      | Reached XP level 11. HP: 48/58 MP: 17/17
 11040 | D:9      | Found a snail-covered altar of Cheibriados.
 11380 | D:9      | Reached **** piety under Dithmenos
 11482 | D:9      | Found a stormy altar of Qazlal.
 11897 | D:8      | Identified a scroll of acquirement
 11897 | D:8      | Acquired the +7 lajatang of Order {silver, rMut}
 11897 | D:8      | Found the +7 lajatang of Order {silver, rMut}
 11922 | D:9      | Reached skill level 12 in Stealth
 11967 | D:9      | Found a broken altar of Ashenzari.
 12178 | D:8      | Reached skill level 14 in Stealth
 12178 | D:8      | Reached XP level 12. HP: 65/65 MP: 19/19
 12210 | D:9      | HP: 1/65 [acid dragon/splash of acid (27)]
 13068 | D:9      | Found a basalt altar of Yredelemnul.
 13103 | D:9      | Found the +8 frozen axe "Frostbite" {freeze, freezing
                  | cloud, *Noise Fly rC+}
 13753 | D:10     | Entered Level 10 of the Dungeon
 14037 | D:10     | Found a staircase to the Orcish Mines.
 14472 | D:10     | Noticed a two-headed ogre
 14494 | D:10     | Killed a two-headed ogre
 14526 | D:10     | Found a sacrificial altar of Ru.
 14963 | D:10     | Found an ancient bone altar of Kikubaaqudgha.
 15144 | D:11     | Noticed a boulder beetle
 15158 | D:11     | Found a runed translucent gate.
 15158 | D:11     | Found a runed translucent gate.
 15158 | D:11     | Found a runed translucent gate.
 15168 | D:11     | Noticed a minotaur
 15170 | D:11     | Noticed Ic0nGaming's ghost (journeyman KoFi)
 15292 | D:11     | Reached skill level 15 in Stealth
 15352 | D:11     | Noticed Nergalle
 15364 | D:11     | Found Mazi's Armour Boutique.
 15511 | D:11     | Killed Nergalle
 15708 | D:11     | Reached ***** piety under Dithmenos
 15757 | D:11     | Noticed a death knight
 16284 | D:11     | Noticed a death knight
 16968 | Orc:1    | Entered Level 1 of the Orcish Mines
 17411 | Orc:2    | Entered Level 2 of the Orcish Mines
 17506 | Orc:2    | Found a staircase to the Elven Halls.
 17598 | Orc:2    | Noticed a two-headed ogre
 17620 | Orc:2    | Killed a two-headed ogre
 17621 | Orc:2    | Reached skill level 16 in Stealth
 17854 | Orc:2    | Reached skill level 5 in Spellcasting
 17898 | Orc:2    | Reached XP level 13. HP: 72/72 MP: 21/21
 18137 | Orc:2    | Reached skill level 10 in Fighting
 18534 | Orc:2    | Found Xearyeta's General Store.
 18534 | Orc:2    | Found Oneoqoci's Book Shoppe.
 18550 | Orc:2    | Bought a scroll of identify for 22 gold pieces
 18550 | Orc:2    | Bought a potion of heal wounds for 55 gold pieces
 18690 | Orc:2    | Found Losesarph's Antique Armour Boutique.
 18905 | Orc:2    | Reached skill level 17 in Stealth
 18945 | Orc:2    | Found Bylier's Jewellery Shoppe.
 19108 | D:10     | Hit by a silver javelin thrown by a minotaur

Illustrated notes

Levels and vault maps discovered:
D:1:      psy_arrival_statuary, layout_rooms
D:2:      layout_basic, minmay_tetromino_l4, uniq_sigmund
D:3:      minmay_spotlight, layout_basic, jmf_multi_god_temple2, serial_shops,
          nicolae_shop_bloodbath_and_beyond, uniq_jessica,
          uniq_crazy_yiuf_cottage
D:4:      layout_rooms, minmay_temple_entry_glass
D:5:      layout_loops_ring, mainiacjoe_overflow_chevrons,
          gammafunk_ghost_mausoleum, chequers_garden, minmay_ruined_shrine
D:6:      layout_basic, pdpol_wu_jian_five_deadly_venoms,
          nicolae_zen_rock_garden, roderic_malta_cross, minivault_1
D:7:      minmay_bubble_buster, layout_loops_corners, gammafunk_ghost_hive,
          enter_bailey_3, grunt_decor_junction, palyth_stone_intersect,
          uniq_prince_ribbit1
D:8:      layout_loops_ring, amcnicky_altar_gilded, lemuel_crystal_altar,
          david_lair_generic
D:9:      layout_layer_cave, nicolae_yredelemnul_corpse_copse,
          cheibriados_altar_1, mainiacjoe_overflow_tiny_flanked,
          overflow_temple_1_default, hellmonk_guarded_unrand_frostbite
D:10:     layout_cave_pods, nicolae_ru_awakened_eye,
          lemuel_coloured_pillars_altar, david_orc_3
D:11:     cheibrodos_tormentor_scu, layout_loops_ring,
          maelrawn_ghost_gauntlet_escape, serial_shops, shop, uniq_nergalle
D:12:     minmay_the_grid_triangle_9x9_recursive_3
          [minmay_the_grid_triangle_9x9_steps,
          minmay_the_grid_triangle_9x9_thin_v,
          minmay_the_grid_triangle_9x9_cache,
          minmay_the_grid_triangle_9x9_prize_special,
          minmay_the_grid_triangle_9x9_sprig,
          minmay_the_grid_triangle_9x9_odd_lines,
          minmay_the_grid_triangle_9x9_impossible_snake,
          minmay_the_grid_triangle_9x9_warning,
          minmay_the_grid_triangle_9x9_tough_junction], layout_basic,
          kennysheep_generic_room_2, uniq_urug
Temple:   eino_temple_lava
Orc:1:    layout_caves, mines1_david
Orc:2:    st_orc_town, layout_caves

Skill      XL: |  1  2  3  4  5  6  7  8  9 10 11 12 13 |
---------------+----------------------------------------+-----
Stealth        | 2 4 5 6 8 10 11 14 16 17 | 17.0
Dodging        | 3 4 5 6 7 8 10 11 12 | 12.6
Fighting       | 2 3 4 5 7 8 9 10 | 10.2
Ranged Weapons | 5 6 7 8 10 11 12 13 14 | 14.0
Spellcasting   | 3 4 5 |  5.8

Action                     |  1- 3 |  4- 6 |  7- 9 | 10-12 | 13-15 || total
---------------------------+-------+-------+-------+-------+-------++-------
  Melee: Lajatang          |       |       |       |    49 |       ||    49
   Fire: Shortbow          |    79 |   211 |   591 |  1152 |       ||  2033
         Arbalest          |       |       |       |    33 |   205 ||   238
  Throw: Dart              |       |       |       |     3 |       ||     3
  Evoke: Wand              |       |       |       |     1 |       ||     1
    Use: Scroll            |       |       |     7 |     6 |     3 ||    16
         Potion            |       |       |       |     1 |       ||     1
   Stab: Sleeping          |       |       |       |     1 |       ||     1
 Armour: Robe              |     3 |     5 |     9 |       |       ||    17
         Steam dragon scal |       |       |       |    22 |       ||    22
         Acid dragon scale |       |       |       |    13 |     1 ||    14
  Dodge: Dodged            |    18 |   118 |   213 |   757 |    48 ||  1154

Table legend: (Time is in decaauts)
 A = Elapsed time spent in this place.
 B = Non-inter-level travel time spent in this place.
 C = Inter-level travel time spent in this place.
 D = Time resting spent in this place.
 E = Time spent auto-exploring this place.
 F = Levels seen in this place.
 G = Mean time per level.
                   A        B        C        D        E       F      G
               +--------+--------+--------+--------+--------+-----+--------+
         Total |  14371 |  13666 |    705 |   2178 |   6720 |  16 |  898.2 |
       Dungeon |  11121 |  10483 |    638 |   1598 |   5551 |  12 |  926.8 |
        Temple |     60 |     51 |      9 |      0 |     43 |   1 |   60.0 |
  Orcish Mines |   1508 |   1450 |     58 |     42 |    653 |   2 |  754.0 |
        Bailey |   1682 |   1682 |      0 |    537 |    473 |   1 | 1682.0 |
               +--------+--------+--------+--------+--------+-----+--------+

Top non-repeatable levels by time:
     D:8: 1862 daAuts
     D:9: 1756 daAuts
  Bailey: 1682 daAuts
     D:7: 1297 daAuts
    D:10: 1240 daAuts
   Orc:2: 1126 daAuts
     D:3: 1070 daAuts
    D:11: 803 daAuts
     D:4: 771 daAuts
     D:5: 762 daAuts
     D:6: 752 daAuts
     D:2: 410 daAuts
   Orc:1: 381 daAuts
     D:1: 335 daAuts
  Temple: 60 daAuts
